 Dungeon Crawl Stone Soup version 0.25.0-11-g1f837a7 (webtiles) character file.

Game seed: 17319509618488106190

58 PsychadelicChungus the Chopper (level 4, -5/28 HPs)
             Began as a Gargoyle Gladiator on June 25, 2020.
             Slain by a wyvern skeleton (7 damage)
             ... on level 3 of the Dungeon.
             The game lasted 00:01:47 (1759 turns).

PsychadelicChungus the Chopper (Gargoyle Gladiator) Turns: 1759, Time: 00:01:48

Health: -5/28      AC:  7    Str: 18    XL:     4   Next: 2%
Magic:  4/4        EV: 12    Int:  9    God:
Gold:   73         SH:  0    Dex: 11    Spells: 3/3 levels left

rFire    . . .     SeeInvis .   a - +0 war axe
rCold    . . .     Gourm    .   (no shield)
rNeg     + . .     Faith    .   b - +0 leather armour
rPois    ∞         Spirit   .   c - +0 helmet
rElec    +         Reflect  .   (no cloak)
rCorr    .         Harm     .   (no gloves)
MR       .....                  (no boots)
Stlth    +.........             (no amulet)
HPRegen  0.09/turn              (no ring)
MPRegen  0.09/turn              (no ring)

@: no status effects
A: negative energy resistance 1, electricity resistance, unbreathing,
petrification resistance, rot immunity, AC +3
a: no special abilities


You were on level 3 of the Dungeon.
You were not hungry.

You visited 1 branch of the dungeon, and saw 3 of its levels.

You collected 73 gold pieces.

Inventory:

Hand Weapons
 a - a +0 war axe (weapon)
Missiles
 d - a throwing net (quivered)
 l - 13 bolts
 p - 8 boomerangs
Armour
 b - a +0 leather armour (worn)
 c - a +0 helmet (worn)
 n - a +0 ring mail
 o - a cursed +0 kite shield
Jewellery
 q - an uncursed amulet of the acrobat {unknown}
Wands
 s - a wand of acid (8)
Scrolls
 g - a scroll of teleportation {unknown}
 h - a scroll of remove curse {unknown}
 k - 2 scrolls of identify {unknown}
 m - a scroll of random uselessness {unknown}
Potions
 e - 2 potions of degeneration {unknown}
 i - a potion of lignification {unknown}
 j - a potion of curing {unknown}
 r - a potion of might {unknown}
Comestibles
 f - 4 rations


   Skills:
 + Level 3.1 Fighting
 * Level 3.9 Axes
 - Level 1.7 Throwing
 - Level 2.4 Dodging


You had 3 spell levels left.
You didn't know any spells.
Your spell library was empty.

Dungeon Overview and Level Annotations

Branches:
Dungeon (3/15)

Altars:


Innate Abilities, Weirdness & Mutations

You are resistant to torment.
Your stone body is resilient. (AC +3)
You are immune to poison.
You resist negative energy. (rN+)
You are resistant to electric shocks. (rElec)
You can survive without breathing.
You are immune to petrification.
You are immune to rotting.


Message History

You completely miss the wyvern skeleton.
The wyvern skeleton is lightly damaged.
The wyvern skeleton struggles against the net. x2
You slash the wyvern skeleton!
The wyvern skeleton is heavily damaged.
The wyvern skeleton struggles against the net.
The net rips apart, and the wyvern skeleton comes free!
The wyvern skeleton barely misses you.
You hit the wyvern skeleton.
The wyvern skeleton is severely damaged.
The wyvern skeleton bites you.
Throwing (i - inventory. (/) - cycle)
d - 2 throwing nets (quivered)
Press: ? - help, Shift-Dir - straight line, f/p - wyvern skeleton
Aim: a wyvern skeleton (severely damaged)
You throw a throwing net.
The throwing net barely misses the wyvern skeleton.
The wyvern skeleton bites you!
* * * LOW HITPOINT WARNING * * *
The wyvern skeleton bites you!
You die...

#. #. #.#####
##.#...# #
#......#.##.#
#.....>......
#....@Z#
#########'#..(....
#....# #.#.......
#.##.# #.########
####.##.####.###
#.....#........#
##.#.#######.#.######
#.### #.#...... #.#
#......#


You could see a wyvern skeleton.

Vanquished Creatures
  2 adders (D:2)
  9 bats
  7 giant cockroaches
  4 goblins (D:1)
  2 hobgoblins (D:2)
  6 jackals
  2 frilled lizards (D:2)
  2 kobolds (D:1)
  5 rats (D:1)
39 creatures vanquished.

Notes
Turn   | Place    | Note
-------+----------+-------------------------------------------
     0 | D:1      | PsychadelicChungus the Gargoyle Gladiator began the quest
                  | for the Orb.
     0 | D:1      | Reached XP level 1. HP: 12/12 MP: 1/1
   272 | D:1      | Reached XP level 2. HP: 18/18 MP: 2/2
   872 | D:1      | Reached XP level 3. HP: 19/22 MP: 3/3
  1032 | D:2      | Found a faded altar of an unknown god.
  1360 | D:2      | Reached XP level 4. HP: 24/28 MP: 4/4
  1759 | D:3      | Slain by a wyvern skeleton

Illustrated notes

Levels and vault maps discovered:
D:1:      lightli_arrival_statuegarden, layout_loops_cross
D:2:      layout_loops_cross, first_ration, chequers_ecumenical_altar_island
D:3:      layout_basic, old_standard_altar, kennysheep_generic_room_12

Skill      XL: |  1  2  3 |
---------------+----------+-----
Axes           | 3 |  3.9
Fighting       | 3 |  3.1
Throwing       | |  1.7
Dodging        | |  2.4

Action                   |  1- 3 |  4- 6 || total
-------------------------+-------+-------++-------
Melee: War axe           |   125 |    18 ||   143
Throw: Throwing net      |       |     3 ||     3
 Stab: Sleeping          |     1 |       ||     1
  Eat: Chunk             |     2 |     1 ||     3
Armor: Leather armour    |    67 |    11 ||    78
Dodge: Dodged            |   104 |    14 ||   118
